 Dungeon Crawl Stone Soup version 0.18-a0-1481-g708b138 (webtiles) character file.

165 GrosslyIncandescent the Insei (level 5, -5/42 HPs)
             Began as a Mummy Monk on Mar 2, 2016.
             Slain by a giant frog (7 damage)
             ... in a sewer.
             The game lasted 00:06:17 (3752 turns).

GrosslyIncandescent the Insei (Mummy Monk)          Turns: 3752, Time: 00:06:17

Health: -5/42      AC:  1    Str: 14    XL:     5   Next: 22%
Magic:  5/5        EV: 13    Int: 10    God:
Gold:   215        SH:  0    Dex: 15    Spells: 0 memorised, 4 levels left

rFire  x . .     SeeInvis .       - Unarmed
rCold  + . .     Gourm    .     (no armour)
rNeg   + + +     Faith    .     (no shield)
rPois  ∞         Spirit   .     (no helmet)
rElec  .         Dismiss  .     b - +0 cloak
rCorr  .         Reflect  .     (no gloves)
SustAt .         Harm     .     (no boots)
MR     .....                    (no amulet)
Stlth  ++........               (no ring)
                                (no ring)

@: not resistant to hostile enchantments, unstealthy
A: no food or potions, fire vulnerability, cold resistance 1, negative energy
resistance 3, torment resistance, unbreathing
a: no special abilities


You were in a sewer.
You were not hungry.

You visited 1 branch of the dungeon, and saw 3 of its levels.
You also visited: Sewer.

You collected 215 gold pieces.


Innate Abilities, Weirdness & Mutations

You do not eat or drink.
Your flesh is vulnerable to fire.
You are immune to poison.
Your flesh is cold resistant.
You are immune to negative energy.
You are immune to unholy pain and torment.
You can survive without breathing.


   Skills:
 + Level 3.9 Fighting
 - Level 2.4 Dodging
 - Level 1.5 Stealth
 - Level 5.0 Unarmed Combat


You had 4 spell levels left.
You didn't know any spells.

Inventory:

Armour
 b - a +0 cloak (worn)
Scrolls
 a - 3 scrolls of remove curse {unknown}
 c - a scroll of immolation {unknown}
 d - 2 scrolls of teleportation {unknown}
 e - 2 scrolls of identify {unknown}
 f - a scroll of magic mapping {unknown}
 g - a scroll of enchant weapon {unknown}
 h - a scroll of noise {unknown}

Dungeon Overview and Level Annotations

Branches:
Dungeon (3/15)

Altars:
Dithmenos
Makhleb

▒▒▒▒≈≈≈.≈≈≈≈≈.≈≈≈†≈≈≈▒▒▒▒
▒▒≈.≈≈≈≈≈▒▒▒▒▒▒▒▒▒≈≈≈≈≈.≈▒▒
▒▒≈≈†≈≈▒▒▒▒≈≈≈≈≈≈≈▒▒▒▒≈≈≈.≈▒▒
▒▒≈≈≈≈▒▒▒≈≈≈≈≈≈≈.†≈≈≈≈▒▒▒≈≈≈≈▒▒
▒≈≈≈≈▒▒≈≈≈.†▒▒▒▒▒▒▒≈≈≈≈≈▒▒≈≈≈≈▒
▒▒≈≈≈▒▒≈≈≈≈▒▒▒≈≈≈≈≈▒▒▒≈≈≈.▒▒≈≈.▒
▒≈≈≈≈▒≈≈≈≈▒▒≈≈≈≈.≈≈≈≈▒▒≈≈≈≈▒≈≈≈≈
▒▒≈≈≈▒▒≈†≈▒▒≈≈...≈≈≈≈≈≈▒▒≈..▒▒≈≈≈
▒.†≈≈▒≈.≈≈▒≈≈≈..MF.≈≈≈≈≈▒≈†≈≈▒≈≈≈
▒∩†..▒.≈≈≈▒.≈.(...≈≈.≈≈≈▒≈≈≈≈▒.≈≈
▒.≈.≈▒≈≈≈≈▒≈≈≈≈)≈≈≈≈≈≈≈≈▒.≈≈≈▒≈.≈
▒▒≈≈≈▒▒≈≈≈▒≈≈≈...≈≈≈.≈≈▒▒.†≈▒▒≈≈.
▒≈≈≈≈▒≈≈≈▒≈†...≈.≈.≈≈▒▒≈≈≈≈▒≈≈≈.
▒▒≈≈≈▒▒≈†▒▒≈≈▒≈≈≈≈≈▒▒▒≈≈≈.▒▒≈†≈▒
▒.≈≈≈▒▒≈.▒≈≈▒▒▒▒▒▒▒≈≈.≈.▒▒≈≈.≈▒
▒▒..≈≈▒≈.▒▒≈..≈.≈≈≈≈≈≈▒▒▒.≈≈.▒▒
▒▒.≈≈≈≈≈≈▒..≈≈≈≈≈≈▒▒▒▒≈≈≈≈≈▒▒


You could see a giant frog.


Message History

The giant frog barely misses you!
The giant frog hits you! * * * don't die
* * * You pulverise the giant frog!
The giant frog is heavily wounded!
The giant frog hits you! * * * don't die
* * * You barely miss the giant frog!
The giant frog is heavily wounded!
The giant frog barely misses you!
You squash the giant frog but do no damage!
The giant frog is heavily wounded!
The giant frog hits you! * * * don't die
* * * The giant frog hits you! * * * don't die
* * * You miss the giant frog!
The giant frog is heavily wounded!
The giant frog completely misses you!
You squash the giant frog like an ant!
The giant frog is severely wounded!
The giant frog hits you!!! * * * don't die
* * * The giant frog closely misses you!
You pulverise the giant frog but do no damage!
The giant frog is severely wounded!
The giant frog closely misses you!
You pulverise the giant frog!
The giant frog is almost dead!
The giant frog hits you!!! rip

Action                   |  1- 3 |  4- 6 || total
-------------------------+-------+-------++-------
Melee: Unarmed           |   177 |   218 ||   395
 Stab: Sleeping          |     2 |       ||     2

Vault maps used:
D:1:      dpeg_arrival_orchard
D:2:      lemuel_round_altar, bloody_makhleb
D:3:      lemuel_doored_altar, gup_sewer_entry_pipe
Sewer:    sewer_frog_island_02

Notes
Turn   | Place    | Note
--------------------------------------------------------------
     0 | D:1      | GrosslyIncandescent the Mummy Monk began the quest for the Orb.
     0 | D:1      | Reached XP level 1. HP: 18/18 MP: 1/1
   195 | D:1      | Reached XP level 2. HP: 22/24 MP: 2/2
   598 | D:1      | Reached skill level 4 in Unarmed Combat
  1025 | D:1      | Reached XP level 3. HP: 26/29 MP: 3/3
  1571 | D:2      | Found a burning altar of Makhleb.
  1786 | D:2      | Found a shadowy altar of Dithmenos.
  2162 | D:3      | Reached XP level 4. HP: 25/35 MP: 4/4
  2478 | D:3      | Found a glowing drain.
  2506 | Sewer    | Entered a sewer
  2874 | Sewer    | Reached skill level 5 in Unarmed Combat
  3390 | Sewer    | Reached XP level 5. HP: 41/41 MP: 5/5
  3750 | Sewer    | HP: 1/42 [giant frog (8)]
  3752 | Sewer    | Slain by a giant frog

Vanquished Creatures
  3 adders
  4 oozes (Sewer)
  2 dart slugs (D:2)
  9 giant geckos
  19 giant cockroaches
  10 hobgoblins
  4 jackals (D:1)
  2 quokkas
  3 ball pythons
  2 bats
  19 giant newts
  10 goblins
  10 kobolds
  4 rats
101 creatures vanquished.
